 Dungeon Crawl Stone Soup version 0.30-a0-424-g7412bad402 (webtiles) character file.

Game seed: 13728151756866671984

54 scionoferis the Covered (level 3, -2/33 HPs)
             Began as an Armataur Fighter on Dec 10, 2022.
             Slain by a black bear (7 damage)
             ... on level 2 of the Dungeon.
             The game lasted 00:01:57 (1040 turns).

scionoferis the Covered (Armataur Fighter)          Turns: 1040, Time: 00:01:58

Health: -2/33      AC:  8    Str: 21    XL:     3   Next: 66%
Magic:  3/3        EV:  7    Int:  8    God:
Gold:   29         SH:  4    Dex: 11    Spells: 2/2 levels left

rFire   . . .      SeeInvis .    a - +0 flail
rCold   . . .      Faith    .    c - +0 buckler
rNeg    . . .      Spirit   .    b - +0 scale mail
rPois   .          Reflect  .    f - +0 helmet
rElec   .          Harm     .    (no cloak)
rCorr   .          Roll     +    (no gloves)
Will    .....                    (no barding)
Stlth   ..........               (no amulet)
HPRegen 0.25/turn                (no ring)
MPRegen 0.08/turn                (no ring)

@: no status effects
A: large, rugged brown scales 3, deformed body, armoured tail, roll, long
tongue, awkward tongue
a: no special abilities


You were on level 2 of the Dungeon.
You visited 1 branch of the dungeon, and saw 2 of its levels.

You collected 29 gold pieces.


Innate Abilities, Weirdness & Mutations

You are completely covered in rugged brown scales. (AC +3, +7% HP)
Armour fits poorly on your strangely shaped body.
You have a long armoured tail.
You roll when moving toward enemies. (Rampage)
Your long tongue fully drains potion bottles. (2x potion effects)
Your tongue gives you trouble enunciating. (1.5x scroll delay)


   Skills:
 + Level 3.1 Fighting
 * Level 2.8 Maces & Flails
 - Level 4.0 Armour
 + Level 3.7 Shields


You had 2 spell levels left.
You didn't know any spells.
Your spell library contained the following spells:

 Spells                   Type           Power      Damage    Failure   Level
 Inner Flame              Hex/Fire       0%         N/A       99%         3
 Flame Wave               Conj/Fire      0%         2d4       100%        4
 Sticky Flame             Conj/Fire      0%         2d3       100%        4

Inventory:

Hand Weapons
 a - a +0 flail (weapon)
Missiles
 e - 3 poisoned darts (quivered)
Armour
 b - a +0 scale mail (worn)
 c - a +0 buckler (worn)
 f - a +0 helmet (worn)
   (You found it on level 1 of the Dungeon)
Scrolls
 g - a scroll of teleportation {unknown}
 h - 2 scrolls of enchant weapon {unknown}
 i - a scroll of blinking {unknown}
 j - a scroll of silence {unknown}
Potions
 d - a potion of might
 k - a potion of magic {unknown}

Dungeon Overview and Level Annotations

Branches:
Dungeon (2/15)

Altars:

.................# ...#
.................###...#.
...###....)..............
...# #..#................
...# ##.###+#####........
...####.###.# ##......#.
............# #..######
...########.# #.#######
...# #.####@#...... ####
#.....h.....P.
#.....P...~~P.
#..>..P..~~~P.
#.......~~~≈≈.
#......♣~~≈~≈~
#......~≈~~≈~~
#...(..~~≈≈≈~≈
#......~~~~≈≈≈


You could see a black bear (berserk).


Message History

Welcome, scionoferis the Armataur Fighter.
They say the Orb of Zot lies within this dungeon, but they say a lot of things.
Press ? for a list of commands and other information.
Found 2 poisoned darts, a scroll labelled KOAMUZ GOAM and five human skeletons.
Found a staircase leading out of the dungeon.
Found a stone staircase leading down.
An endoplasm comes into view.
Found a scroll labelled CECUPS DYWU, a helmet and three human skeletons.
The endoplasm quivers.
The endoplasm moves out of view.
You see here 2 poisoned darts.
e - 2 poisoned darts An endoplasm is nearby!
You sock the endoplasm!
You kill the endoplasm!
No target in view!
You see here a +0 helmet.
f - a +0 helmet You start putting on your armour.
You continue putting on your +0 helmet. x4
You finish putting on your +0 helmet.
g - a scroll labelled CECUPS DYWU A goblin comes into view.
It is wielding a +0 club.
The goblin shouts!
You roll towards the goblin!
A rat comes into view.
You roll towards the goblin!
Found a scroll labelled JIDYTUP SUNGOP.
You completely miss the goblin. The goblin hits you but does no damage.
You barely miss the goblin.
Your tail-slap misses the goblin.
The goblin hits you but does no damage.
A goblin comes into view. It is wielding a +0 club.
You block the rat's attack. The goblin hits you but does no damage.
You closely miss the rat.
Your tail-slap misses the rat.
The goblin hits you with a +0 club. The rat bites you.
You hit the rat.
You kill the rat!
The goblin hits you but does no damage.
You completely miss the goblin.
Your tail-slap misses the goblin.
The goblin hits you but does no damage. x2
You barely miss the goblin. The goblin hits you with a +0 club.
You closely miss the goblin. The goblin hits you but does no damage.
You closely miss the goblin. The goblin hits you with a +0 club.
The goblin hits you but does no damage.
You hit the goblin.
You kill the goblin!
The goblin hits you with a +0 club. The goblin hits you but does no damage.
You closely miss the goblin. The goblin hits you but does no damage.
You completely miss the goblin. The goblin hits you with a +0 club. x2
You are too injured to fight recklessly!
You are too injured to fight recklessly!
You are too injured to fight recklessly!
You are too injured to fight recklessly!
You closely miss the goblin. The goblin hits you but does no damage.
You miss the goblin. You tail-slap the goblin.
You kill the goblin!
Your Maces & Flails skill increases to level 2!
Things that are here:
a +0 club; a goblin corpse
Found two human skeletons.
h - a scroll labelled KOAMUZ GOAM You start resting.
HP restored.
Things that are here:
a +0 club; a rat corpse
i - a scroll labelled JIDYTUP SUNGOP A rat comes into view.
You roll towards the rat!
A goblin comes into view. It is wielding a +0 club.
Found 17 gold pieces.
The goblin shouts!
You roll towards the rat!
You closely miss the rat.
Your tail-slap misses the rat.
The rat bites you but does no damage.
You sock the rat!
You kill the rat!
You hit the goblin.
You kill the goblin!
No target in view!
You now have 17 gold pieces.
You open the door.
A giant cockroach comes into view.
You roll towards the giant cockroach!
You roll towards the giant cockroach!
You hit the giant cockroach but do no damage.
The giant cockroach bites you. The giant cockroach barely misses you.
You sock the giant cockroach!
You kill the giant cockroach!
You have reached level 2!
A gnoll comes into view. It is wielding a +0 club.
Found a buckler.
The gnoll shouts!
You roll towards the gnoll!
An endoplasm comes into view.
The endoplasm quivers.
You roll towards the gnoll!
You barely miss the gnoll.
Your tail-slap misses the gnoll.
The gnoll barely misses you.
You hit the gnoll. You tail-slap the gnoll.
The gnoll is moderately wounded.
The gnoll hits you with a +0 club. The gnoll hits you but does no damage.
You hit the gnoll but do no damage.
Your tail-slap misses the gnoll.
The gnoll is moderately wounded.
The gnoll hits you but does no damage.
You sock the gnoll!
You kill the gnoll!
You hit the endoplasm.
You kill the endoplasm!
No target in view!
You see here a +0 club.
You see here a +0 buckler.
You open the door.
Found a ring mail.
There is an open door here.
A frilled lizard comes into view.
A frilled lizard is nearby!
You closely miss the frilled lizard. You tail-slap the frilled lizard.
You kill the frilled lizard!
No target in view!
h - 2 scrolls labelled KOAMUZ GOAM (gained 1)
A kobold comes into view. It is wielding a +0 club.
The kobold shouts!
You roll towards the kobold!
The kobold throws a stone.
The stone hits you but does no damage.
You roll towards the kobold!
You hit the kobold. You tail-slap the kobold.
The kobold is severely wounded.
The kobold hits you but does no damage.
You hit the kobold but do no damage.
The kobold is severely wounded.
The kobold hits you but does no damage. You block the kobold's attack.
You completely miss the kobold.
The kobold is severely wounded.
The kobold hits you but does no damage.
A kobold is nearby!
You sock the kobold!
You kill the kobold!
No target in view!
Things that are here:
a +0 club; 4 stones; a kobold corpse An endoplasm comes into view.
The endoplasm quivers.
You roll towards the endoplasm!
You hit the endoplasm but do no damage. You tail-slap the endoplasm.
You kill the endoplasm!
No target in view!
A bat comes into view.
Found 8 gold pieces.
You block the bat's attack.
You closely miss the bat. You block the bat's attack.
You roll towards the bat!
The bat hits you but does no damage.
You roll towards the bat!
You sock the bat!
You kill the bat!
No target in view!
No target in view!
You now have 25 gold pieces (gained 8).
Found a stone staircase leading down.
There is a stone staircase leading down here.
A quokka comes into view.
You see here a book of Flames.
You pick up a book of Flames and begin reading...
You add the spells Inner Flame, Sticky Flame and Flame Wave to your library.
You barely miss the quokka.
The quokka bites you but does no damage.
You closely miss the quokka. You block the quokka's attack.
The quokka barely misses you.
You barely miss the quokka. The quokka closely misses you.
You hit the quokka.
You kill the quokka!
No target in view!
No target in view!
Found a leather armour.
A goblin comes into view. It is wielding a +0 dagger.
The goblin shouts!
A goblin is nearby!
You roll towards the goblin!
You hit the goblin.
The goblin is moderately wounded.
The goblin hits you but does no damage. The goblin hits you with a +0 dagger.
You barely miss the goblin. You tail-slap the goblin.
You kill the goblin!
No target in view!
You see here a +0 dagger.
You see here a +0 dagger.
A giant cockroach comes into view.
Found an escape hatch in the floor.
You hit the giant cockroach.
You kill the giant cockroach!
You have reached level 3!
Your experience leads to an increase in your attributes!
Increase (S)trength, (I)ntelligence, or (D)exterity?
You feel agile. x2
You see here a giant cockroach corpse.
A ball python comes into view.
Found a scroll labelled GAETUPH USMIKI.
You roll towards the ball python!
The ball python bites you.
You sock the ball python!
You kill the ball python!
No target in view!
No target in view!
Found a robe.
j - a scroll labelled GAETUPH USMIKI You open the door.
A kobold and a ball python come into view.
The kobold shouts!
The ball python hisses angrily.
A hobgoblin comes into view.
There is an open door here.
There are monsters nearby!
The hobgoblin shouts!
You thump the ball python!
You kill the ball python!
The kobold throws a stone.
You block the stone.
Training target 4.0 for Armour reached!
Your Armour skill increases to level 4!
You roll towards the kobold!
The kobold throws a stone.
The stone barely misses you.
The kobold throws a stone.
The stone hits you but does no damage.
The hobgoblin hits you but does no damage.
The hobgoblin attacks as you move away! The hobgoblin closely misses you.
The kobold throws a stone.
The stone hits you but does no damage. The hobgoblin attacks as you move away!
The hobgoblin hits you but does no damage.
The hobgoblin attacks as you move away! You block the hobgoblin's attack.
There is an open door here.
The hobgoblin attacks as you move away! You block the hobgoblin's attack.
You hit the hobgoblin.
You kill the hobgoblin!
You swing at nothing.
You hit the kobold but do no damage. The kobold closely misses you.
The kobold hits you with a +0 dagger.
You hit the kobold.
The kobold is moderately wounded.
You block the kobold's attack.
You miss the kobold.
The kobold is moderately wounded.
The kobold hits you but does no damage.
You hit the kobold.
Your tail-slap misses the kobold.
The kobold is severely wounded.
The kobold hits you with a +0 dagger. The kobold hits you but does no damage.
You sock the kobold!
You kill the kobold!
Your Fighting skill increases to level 3!
You swing at nothing.
Items here: ( ) ††.
There is an open door here.
You open the door.
There is an open door here.
You open the door.
There is an open door here.
A bat comes into view.
You block the bat's attack.
You closely miss the bat.
Your tail-slap misses the bat.
The bat hits you but does no damage. The bat barely misses you.
You barely miss the bat.
Your tail-slap misses the bat.
The bat barely misses you. x3
You hit the bat.
You kill the bat!
No target in view!
There is an open door here.
There is an open door here.
Found a leather armour.
You open the door.
There is an open door here.
An endoplasm comes into view.
The endoplasm quivers.
A rat comes into view.
You roll towards the endoplasm!
You thump the endoplasm!
You kill the endoplasm!
Found 6 poisoned darts.
The rat bites you.
You sock the rat!
You kill the rat!
No target in view!
You see here a rat corpse.
e - 8 poisoned darts (gained 6)
Found a stone staircase leading down.
You now have 29 gold pieces (gained 4).
There is an open door here.
You see here a +0 club.
There is a staircase leading out of the dungeon here.
A giant cockroach comes into view.
A giant cockroach is nearby!
You roll towards the giant cockroach!
You roll towards the giant cockroach!
You hit the giant cockroach.
The giant cockroach is almost dead.
The giant cockroach bites you but does no damage.
You sock the giant cockroach!
You kill the giant cockroach!
No target in view!
You see here a giant cockroach corpse.
Done exploring.
Search for what [? for help]? d: Unknown command.
You see here a giant cockroach corpse.
There is a stone staircase leading down here.
You climb downwards.
The goblin shouts!
You hear an angry hiss.
Found a short sword.
Found a stone staircase leading down.
There is a stone staircase leading up here.
You roll towards the goblin!
An adder comes into view.
You hit the goblin.
You kill the goblin!
You roll towards the adder!
A kobold comes into view. It is wielding a +0 dagger.
The kobold shouts!
You sock the adder!
Your tail-slap misses the adder.
The adder is severely wounded.
The adder bites you but does no damage.
You closely miss the adder.
The adder is severely wounded.
You block the adder's attack. The adder closely misses you.
You miss the adder.
The adder is severely wounded.
The adder bites you.
You hit the adder. You tail-slap the adder.
You kill the adder!
You block the kobold's attack.
You hit the kobold.
You kill the kobold!
No target in view!
HP restored.
Found a hand axe.
Things that are here:
a +0 dagger; 4 stones
k - a viscous purple potion You open the large door.
There is a large open door here.
A kobold comes into view. It is wielding a +0 dagger.
The kobold shouts!
The kobold throws a stone.
The stone hits you but does no damage.
The kobold throws a stone.
You block the stone.
The kobold throws a stone.
The stone hits you but does no damage.
The kobold throws a stone.
The stone barely misses you. The kobold hits you with a +0 dagger.
You closely miss the kobold.
Your tail-slap misses the kobold.
You block the kobold's attack. The kobold barely misses you.
You barely miss the kobold. You tail-slap the kobold.
You kill the kobold!
No target in view!
An endoplasm comes into view.
The endoplasm quivers.
You sock the endoplasm!
You kill the endoplasm!
No target in view!
You open the door.
Found a stone staircase leading down.
A kobold comes into view. It is wielding a +0 short sword.
There is an open door here.
You roll towards the kobold!
You hit the kobold.
You kill the kobold!
No target in view!
A black bear comes into view.
Found an escape hatch in the ceiling.
The black bear growls angrily.
Throw: 8 darts (poison)
Press: ? - help, Q - select action Shift-Dir - straight line, f - black bear
Aim: a black bear (64% to hit)
You throw a poisoned dart. The poisoned dart hits the black bear.
The black bear is poisoned.
Throw: 7 darts (poison)
Press: ? - help, Q - select action Shift-Dir - straight line, f/p - black bear
Aim: a black bear (poisoned, 64% to hit)
You throw a poisoned dart.
The poisoned dart closely misses the black bear.
Throw: 6 darts (poison)
Press: ? - help, Q - select action Shift-Dir - straight line, f/p - black bear
Aim: a black bear (poisoned, 64% to hit)
You throw a poisoned dart.
The poisoned dart barely misses the black bear.
Throw: 5 darts (poison)
Press: ? - help, Q - select action Shift-Dir - straight line, f/p - black bear
Aim: a black bear (lightly wounded, poisoned, 64% to hit)
You throw a poisoned dart. The poisoned dart hits the black bear.
The black bear is lightly wounded.
The black bear looks more healthy.
There is an open door here.
Throw: 4 darts (poison)
Press: ? - help, Q - select action Shift-Dir - straight line, f/p - black bear
Aim: a black bear (lightly wounded, 64% to hit)
You throw a poisoned dart. The poisoned dart hits the black bear.
The black bear is poisoned.
The black bear is lightly wounded.
You hit the black bear.
The black bear is moderately wounded.
The black bear bites you but does no damage.
The black bear claws you. x2
You barely miss the black bear.
The black bear is moderately wounded.
The black bear bites you but does no damage.
The black bear claws you but does no damage. x2
You hit the black bear but do no damage.
You tail-slap the black bear!
The black bear is severely wounded.
The black bear bites you. You block the black bear's attack.
The black bear claws you but does no damage.
You hit the black bear.
The black bear is almost dead.
The black bear goes berserk!
You block the black bear's attack. The black bear barely misses you.
You block the black bear's attack.
You completely miss the black bear.
The black bear is almost dead.
The black bear looks more healthy.
The black bear barely misses you. You block the black bear's attack.
The black bear barely misses you. The black bear bites you.
The black bear claws you but does no damage. x2
You closely miss the black bear.
The black bear is almost dead.
The black bear bites you but does no damage.
The black bear barely misses you. x2; The black bear bites you.
You block the black bear's attack. The black bear claws you.
You hit the black bear.
The black bear is almost dead.
The black bear bites you!
* * * LOW HITPOINT WARNING * * *
You block the black bear's attack. The black bear claws you.
* * * LOW HITPOINT WARNING * * *
You closely miss the black bear.
The black bear is almost dead.
The black bear bites you!
You die...

Skill      XL: |  1  2  3 |
---------------+----------+-----
Maces & Flails | 2 |  2.8
Armour         | 4 |  4.0
Fighting       | 3 |  3.1
Shields        | |  3.7

Action                   || total
-------------------------++-------
Melee: Flail             ||    72
       Tailslap          ||     9
Throw: Dart              ||     5
Armor: Scale mail        ||    40
Dodge: Dodged            ||    19
Block: Buckler           ||    20

Levels and vault maps discovered:
D:1:      giann_forest_graveyard, layout_basic, dk_noncrumbling_2,
          amcnicky_mini_pool_small
D:2:      layout_basic, basic_altar, guppyfry_early_lair_pool

Notes
Turn   | Place    | Note
-------+----------+-------------------------------------------
     0 | D:1      | scionoferis the Armataur Fighter began the quest for the
                  | Orb.
     0 | D:1      | Reached XP level 1. HP: 19/19 MP: 1/1
    47 | D:1      | Reached skill level 2 in Maces & Flails
   126 | D:1      | Reached XP level 2. HP: 23/26 MP: 2/2
   385 | D:1      | Reached XP level 3. HP: 32/32 MP: 3/3
   442 | D:1      | Reached skill level 4 in Armour
   456 | D:1      | Reached skill level 3 in Fighting
  1023 | D:2      | Noticed a black bear
  1040 | D:2      | Slain by a black bear

Vanquished Creatures
  An adder (D:2)
  A gnoll (D:1)
  2 ball pythons (D:1)
  2 bats (D:1)
  5 endoplasms (D:1 D:2)
  3 giant cockroaches (D:1)
  5 goblins (D:1 D:2)
  A hobgoblin (D:1)
  5 kobolds (D:1 D:2)
  A quokka (D:1)
  A frilled lizard (D:1)
  3 rats (D:1)
30 creatures vanquished.

Table legend: (Time is in decaauts)
 A = Elapsed time spent in this place.
 B = Non-inter-level travel time spent in this place.
 C = Inter-level travel time spent in this place.
 D = Time resting spent in this place.
 E = Time spent auto-exploring this place.
 F = Levels seen in this place.
 G = Mean time per level.
                   A        B        C        D        E       F      G
               +--------+--------+--------+--------+--------+-----+--------+
         Total |   1062 |   1039 |     23 |     34 |    792 |   2 |  531.0 |
       Dungeon |   1062 |   1039 |     23 |     34 |    792 |   2 |  531.0 |
               +--------+--------+--------+--------+--------+-----+--------+

Top non-repeatable levels by time:
     D:1: 966 daAuts
     D:2: 96 daAuts

Table legend:
 A = Non-vault XP
 B = Vault XP
 C = Vault XP percentage of total XP
 D = Non-vault monster count
 E = Vault monster count
 F = Vault count percentage of total count
                 A         B        C        D         E       F
            +---------+---------+-------+---------+---------+-------
      Total |      78 |       0 |   0.0 |      30 |       0 |   0.0
            +---------+---------+-------+---------+---------+-------
        D:1 |      56 |       0 |   0.0 |      24 |       0 |   0.0
        D:2 |      22 |       0 |   0.0 |       6 |       0 |   0.0
            +---------+---------+-------+---------+---------+-------
